 Dungeon Crawl Stone Soup version 0.30.1-4-g462c640d31 (webtiles) character file.

Game seed: 5334378720130344062

413 Anriel the Covered (level 7, -7/79 HPs)
             Began as a Human Gladiator on Aug 16, 2023.
             Killed from afar by Dowan (15 damage)
             ... with a shard of ice
             ... on level 4 of the Dungeon.
             The game lasted 00:14:37 (2789 turns).

Anriel the Covered (Human Gladiator)                Turns: 2789, Time: 00:14:37

Health: -7/79      AC: 23    Str: 12 (14) XL:     7   Next: 14%
Magic:  7/7        EV:  2    Int:  6 (8)  God:
Gold:   204        SH:  0    Dex: 16 (17) Spells: 6/6 levels left

rFire   . . .        a - +1 long sword (flame)
rCold   . . .        (no shield)
rNeg    . . .        k - melded +0 chain mail
rPois   +            n - melded +2 helmet
rElec   .            o - melded scarf {rC+ rF+}
rCorr   +            (gloves currently unavailable)
SInv    .            (boots currently unavailable)
Will    .....        (no amulet)
Stlth   +            i - ring of resist corrosion
HPRegen 0.33/turn    (no ring)
MPRegen 0.10/turn

%: no passive effects
@: tree-form
A: stationary, stasis, torment immunity, boosted hp
a: no special abilities


You were on level 4 of the Dungeon.
You were a tree.
You visited 1 branch of the dungeon, and saw 4 of its levels.

You collected 204 gold pieces.

Inventory:

Hand Weapons
 a - a +1 long sword of flaming (weapon)
Missiles
 e - 7 javelins (quivered)
Armour
 k - a +0 chain mail (melded)
 n - a +2 helmet (melded)
 o - a scarf of resistance (melded)
Jewellery
 i - a ring of resist corrosion (left branch)
Wands
 t - a wand of polymorph (4)
Scrolls
 b - 2 scrolls of amnesia
 c - a scroll of enchant weapon
 f - 5 scrolls of teleportation
Potions
 g - a potion of degeneration
 j - a potion of lignification
 l - a potion of flight {unknown}
 p - a potion of attraction {unknown}
 s - a potion of haste
 u - a potion of ambrosia {unknown}


   Skills:
 + Level 3.7 Fighting
 + Level 3.6 Long Blades
 + Level 3.7 Throwing
 + Level 3.8 Armour
 + Level 3.6 Dodging


You had 6 spell levels left.
You didn't know any spells.
Your spell library contained the following spells:

 Spells                   Type           Power      Damage    Failure   Level
 Apportation              Tloc           0%         N/A       45%         1
 Necrotise                Necr           0%         1d4       45%         1
 Summon Small Mammal      Summ           0%         N/A       45%         1
 Ensorcelled Hibernation  Hex/Ice        0%         N/A       58%         2
 Passwall                 Tmut/Erth      0%         N/A       58%         2
 Swiftness                Air            0%         N/A       83%         3
 Summon Ice Beast         Ice/Summ       0%         N/A       99%         4
 Summon Mana Viper        Hex/Summ       0%         N/A       100%        5
 Monstrous Menagerie      Summ           0%         N/A       100%        7


Dungeon Overview and Level Annotations

Branches:
Dungeon (4/15)
 Temple: D:4-7

Altars:

Annotations:
D:4 Dowan, Edmund


Message History

You barely miss Dowan. Dowan barely misses you.
Dowan hits you but does no damage. Edmund hits you but does no damage.
You hit Edmund. You burn Edmund.
Edmund is almost dead.
Dowan hits you but does no damage. Edmund hits you but does no damage.
Dowan hits you but does no damage.
You closely miss Edmund.
Edmund is almost dead.
Dowan hits you but does no damage.
Edmund hits you with a +4 flail of holy wrath!
Dowan hits you but does no damage.
You hit Edmund. You burn Edmund.
Edmund is almost dead.
Dowan hits you but does no damage.
Edmund hits you with a +4 flail of holy wrath!
* * * LOW HITPOINT WARNING * * *
Dowan hits you but does no damage.
You hit Edmund but do no damage.
Edmund is almost dead.
Edmund hits you but does no damage. Dowan hits you with a +0 dagger.
* * * LOW HITPOINT WARNING * * *
Edmund hits you but does no damage. Dowan hits you but does no damage.
You hit Edmund. You burn Edmund.
Edmund is almost dead.
Dowan hits you with a +0 dagger.
* * * LOW HITPOINT WARNING * * *
Edmund hits you with a +4 flail of holy wrath!
* * * LOW HITPOINT WARNING * * *
Unknown command.
It was a potion of degeneration.
There was something very wrong with that liquid.
You feel weakened.
You feel dopey.
You feel clumsy. Dowan hits you with a +0 dagger.
* * * LOW HITPOINT WARNING * * *
Edmund hits you but does no damage. Dowan hits you with a +0 dagger.
* * * LOW HITPOINT WARNING * * *
It was a potion of curing.
You feel better.
Dowan points at you and mumbles some strange words.
The shard of ice hits you!
You die...

### ##########.##
......<.##..############
........#(..)).@♣e......
.........(...###########
.....).†##.#.##
........##.#S.##
........#e.....###
........#..o......
##.######.o@....## #.
##..##..# #. #..# #...


You could see Edmund and Dowan (fast).

Vanquished Creatures
  Duvessa (D:4)
  3 orc priests (D:3)
  Natasha (thrice) (D:3)
  Robin (D:3)
  2 adders
  2 worms
  3 dart slugs
  9 orcs
  6 ball pythons
  2 endoplasms
  A giant cockroach (D:1)
  16 goblins
  9 hobgoblins
  10 jackals
  3 quokkas
  8 bats
  2 frilled lizards
  5 kobolds
  6 rats
92 creatures vanquished.

Notes
Turn   | Place    | Note
-------+----------+-------------------------------------------
     0 | D:1      | Anriel the Human Gladiator began the quest for the Orb.
     0 | D:1      | Reached XP level 1. HP: 16/16 MP: 1/1
   288 | D:1      | Reached XP level 2. HP: 22/22 MP: 2/2
   293 | D:1      | Reached skill level 1 in Armour
   626 | D:1      | Reached XP level 3. HP: 28/28 MP: 3/3
  1212 | D:2      | Reached XP level 4. HP: 30/34 MP: 4/4
  2013 | D:3      | Noticed Natasha
  2021 | D:3      | Reached XP level 5. HP: 35/40 MP: 5/5
  2033 | D:3      | Killed Natasha
  2035 | D:3      | Reached XP level 6. HP: 19/47 MP: 6/6
  2196 | D:3      | Noticed Robin
  2199 | D:3      | Noticed Natasha
  2202 | D:3      | Killed Robin
  2241 | D:3      | Killed Natasha
  2423 | D:3      | Noticed Natasha
  2465 | D:3      | Killed Natasha
  2539 | D:3      | Found a faded altar of an unknown god.
  2744 | D:4      | Noticed Dowan
  2745 | D:4      | Noticed Duvessa
  2746 | D:4      | Noticed Edmund
  2767 | D:4      | Killed Duvessa
  2768 | D:4      | Reached XP level 7. HP: 45/53 MP: 7/7
  2788 | D:4      | HP: 2/79 [Dowan/+0 dagger (2)]
  2789 | D:4      | Killed from afar by Dowan

Illustrated notes

Levels and vault maps discovered:
D:1:      psy_arrival_radial02, layout_basic
D:2:      wad_pebble_path, layout_loops_corners
D:3:      layout_rooms, nicolae_ecumenical_lake_church, uniq_robin, uniq_natasha
D:4:      layout_rooms, chei_slow_surprise, nicolae_elevator_lobby_asterisk,
          uniq_duvessa, uniq_edmund

Skill      XL: |  1  2  3  4  5 |
---------------+----------------+-----
Armour         | 1 2 3 |  3.8
Fighting       | 3 |  3.7
Throwing       | 3 |  3.7
Long Blades    | |  3.6
Dodging        | |  3.6

Action                     |  1- 3 |  4- 6 |  7- 9 || total
---------------------------+-------+-------+-------++-------
  Melee: Long sword        |    82 |   101 |    15 ||   198
         Punch             |       |     2 |       ||     2
         Unarmed           |       |    18 |       ||    18
  Throw: Javelin           |     9 |    32 |       ||    41
         Throwing net      |       |     2 |     3 ||     5
    Use: Scroll            |     3 |     6 |       ||     9
         Potion            |       |     2 |     4 ||     6
   Stab: Held in net/web   |       |     1 |     2 ||     3
 Armour: Leather armour    |    27 |       |       ||    27
         Ring mail         |    16 |    26 |       ||    42
         Chain mail        |       |    53 |    11 ||    64
         Skin              |       |     7 |    13 ||    20
  Dodge: Dodged            |    70 |   111 |     6 ||   187
